 Dungeon Crawl Stone Soup version 0.24-a0-433-gbe6fa4f6cc (webtiles) character file.

Game seed: 18028284459153677646

277 Holzbalken the Cudgeler (level 6, 0/44 HPs)
             Began as a Demonspawn Gladiator on June 14, 2019.
             Was a Follower of Qazlal.
             Killed from afar by an orc wizard (2 damage)
             ... with a puff of frost
             ... on level 4 of the Dungeon.
             The game lasted 00:14:53 (4074 turns).

Holzbalken the Cudgeler (Demonspawn Gladiator)      Turns: 4074, Time: 00:14:54

Health: 0/44       AC:  7    Str: 14    XL:     6   Next: 4%
Magic:  6/6        EV: 20    Int: 10    God:    Qazlal [*.....]
Gold:   153        SH:  1    Dex: 21    Spells: 5/5 levels left

rFire    . . .     SeeInvis .   a - +0 flail
rCold    . . .     Gourm    .   (no shield)
rNeg     . . .     Faith    .   b - +0 leather armour
rPois    .         Spirit   .   c - +0 helmet
rElec    .         Reflect  .   (no cloak)
rCorr    .         Harm     .   j - +1 pair of gloves (curse)
MR       .....                  n - +0 pair of boots (curse)
Stlth    ++........             (no amulet)
HPRegen  0.14/turn              (no ring)
MPRegen  0.10/turn              (no ring)

@: agile
A: hooves 1, repulsion field 1, foul stench 1, powered by death 1, rot immunity
a: Renounce Religion


You were on level 4 of the Dungeon.
You worshipped Qazlal.
Qazlal was aware of your devotion.
You were hungry.

You visited 1 branch of the dungeon, and saw 4 of its levels.

You collected 153 gold pieces.

Inventory:

Hand Weapons
 a - a +0 flail (weapon)
Missiles
 d - 3 throwing nets (quivered)
 l - 61 stones
Armour
 b - a +0 leather armour (worn)
 c - a +0 helmet (worn)
 g - a +0 helmet
 j - a cursed +1 pair of gloves (worn)
 n - a cursed +0 pair of boots (worn)
Jewellery
 e - a +2 ring of strength {unknown}
 i - an uncursed amulet of guardian spirit {unknown}
 k - an uncursed ring of stealth {unknown}
 q - an uncursed ring of ice {unknown}
Wands
 s - a wand of random effects (32)
Scrolls
 p - a scroll of teleportation
Potions
 u - a potion of lignification {unknown}
 w - a potion of curing {unknown}
Comestibles
 f - 7 rations


   Skills:
 - Level 2.0 Fighting
 + Level 6.2 Maces & Flails
 - Level 1.7 Throwing
 - Level 2.6 Dodging


You had 5 spell levels left.
You didn't know any spells.
Your spell library contained the following spells:

 Spells                   Type           Power        Failure   Level  Hunger
 Animate Skeleton         Necr           N/A          43%         1    ##.....
 Apportation              Tloc           #.....       43%         1    ##.....
 Confusing Touch          Hex            #.....       43%         1    ##.....
 Summon Small Mammal      Summ           #...         43%         1    ##.....


Dungeon Overview and Level Annotations

Branches:
Dungeon (4/15)
 Temple: D:4-7

Altars:
Fedhas
Qazlal
Zin

Annotations:
D:2 1 runed translucent door, exclusion: door, Crazy Yiuf


Innate Abilities, Weirdness & Mutations

You have large cloven feet.
You are surrounded by a mild repulsion field. (EV +2)
You may emit foul miasma when damaged in melee.
You regenerate a little health from kills.
You are immune to rotting.


Message History

You closely miss the orc priest.
The orc priest is severely wounded.
The orc wizard hits you but does no damage.
The orc priest hits you with a +0 flail!
* * * LOW HITPOINT WARNING * * *
You hit the orc priest but do no damage.
The orc priest is severely wounded.
The orc wizard completely misses you.
The orc wizard miscasts a cantrip.
The orc priest looks encouraged for a moment.
It was a potion of agility.
You feel agile all of a sudden.
The orc wizard hits you with a +0 dagger.
* * * LOW HITPOINT WARNING * * *
The orc priest misses you.
You hit the orc priest.
The orc priest is almost dead.
The orc wizard casts a spell at you. The puff of frost hits you.
You die...

##* ####* #.##
#...# #..##
#.#.######
####..####<#.##....
#)@o.....[.#.##....
#..o.......#.......
#..........#.##....
#...>.........#....
######.###.........
#.................
#.###......##..###
*,* ####.#o###.##
*,* *#.#...#..#


You could see an orc priest and an orc wizard.

Vanquished Creatures
  A phantom (D:4)
  A scorpion (D:3)
  5 adders
  A worm (D:4)
  A leopard gecko (D:1)
  14 orcs
  2 giant cockroaches (D:3)
  11 goblins
  5 hobgoblins
  3 jackals (D:3)
  9 kobolds
  3 ball pythons
  5 bats (D:3)
  8 frilled lizards
  A leopard gecko skeleton (D:4)
  8 rats
78 creatures vanquished.

Vanquished Creatures (others)
  An orc (D:4)
1 creature vanquished.

Grand Total: 79 creatures vanquished

Notes
Turn   | Place    | Note
-------+----------+-------------------------------------------
     0 | D:1      | Holzbalken the Demonspawn Gladiator began the quest for the
                  | Orb.
     0 | D:1      | Reached XP level 1. HP: 16/16 MP: 1/1
   132 | D:1      | Reached skill level 3 in Maces & Flails
   212 | D:1      | Gained mutation: You are surrounded by a mild repulsion
                  | field. (EV +2) [demonic ancestry]
   212 | D:1      | Reached XP level 2. HP: 19/22 MP: 2/2
   984 | D:2      | Gained mutation: You are immune to rotting. [demonic
                  | ancestry]
   984 | D:2      | Reached XP level 3. HP: 27/27 MP: 3/3
  1502 | D:2      | Found a runed translucent door.
  1503 | D:2      | Noticed Crazy Yiuf
  1610 | D:2      | Found a blossoming altar of Fedhas.
  1716 | D:3      | Reached skill level 4 in Maces & Flails
  1732 | D:3      | Found a stormy altar of Qazlal.
  1737 | D:3      | Became a worshipper of Qazlal Stormbringer
  2038 | D:3      | Gained mutation: You have large cloven feet. [demonic
                  | ancestry]
  2038 | D:3      | Reached XP level 4. HP: 17/33 MP: 4/4
  2262 | D:3      | Reached * piety under Qazlal
  2701 | D:4      | Found a glowing silver altar of Zin.
  2701 | D:4      | Noticed a phantom
  2713 | D:3      | Reached skill level 5 in Maces & Flails
  3581 | D:4      | Killed a phantom
  3581 | D:4      | Gained mutation: You may emit foul miasma when damaged in
                  | melee. [demonic ancestry]
  3581 | D:4      | Reached XP level 5. HP: 18/38 MP: 5/5
  3828 | D:3      | Reached skill level 6 in Maces & Flails
  3828 | D:3      | Gained mutation: You regenerate a little health from kills.
                  | [demonic ancestry]
  3828 | D:3      | Reached XP level 6. HP: 23/44 MP: 6/6
  4071 | D:4      | HP: 2/44 [orc priest/+0 flail (7)]
  4074 | D:4      | Killed from afar by an orc wizard

Levels and vault maps discovered:
D:1:      lightli_arrival_isolated_outpost, layout_loops_ring, minmay_tromino_i4
D:2:      layout_loops_cross, minmay_misc_feat_x, fedhas_altar_fruit_tree,
          uniq_crazy_yiuf_cottage
D:3:      layout_loops_cross, grunt_qazlal_clouds
D:4:      layout_rooms, zin_academy, serial_glass, glass_columns_a,
          glass_columns_a, first_ration, guppyfry_shop_venom

Skill      XL: |  1  2  3  4  5 |
---------------+----------------+-----
Maces & Flails | 3 4 5 6 |  6.2
Fighting       | |  2.0
Throwing       | |  1.7
Dodging        | |  2.6

Action                   |  1- 3 |  4- 6 || total
-------------------------+-------+-------++-------
Melee: Flail             |   175 |   167 ||   342
  Use: Scroll            |       |     4 ||     4
       Potion            |       |     3 ||     3
 Stab: Sleeping          |     1 |       ||     1
  Eat: Chunk             |     4 |     6 ||    10
Armor: Leather armour    |    54 |    52 ||   106
Dodge: Dodged            |   140 |   146 ||   286
Block: Other             |       |    10 ||    10

Table legend:
 A = Non-vault XP
 B = Vault XP
 C = Vault XP percentage of total XP
 D = Non-vault monster count
 E = Vault monster count
 F = Vault count percentage of total count
                 A         B        C        D         E       F
            +---------+---------+-------+---------+---------+-------
      Total |     391 |       5 |   1.3 |      76 |       3 |   3.8
            +---------+---------+-------+---------+---------+-------
        D:1 |      26 |       5 |  16.1 |      16 |       3 |  15.8
        D:2 |      20 |       0 |   0.0 |      15 |       0 |   0.0
        D:3 |     188 |       0 |   0.0 |      38 |       0 |   0.0
        D:4 |     157 |       0 |   0.0 |       7 |       0 |   0.0
            +---------+---------+-------+---------+---------+-------
